 Dungeon Crawl Stone Soup version 0.25-b1-37-g2669288c55 (webtiles) character file.

Game seed: 4657518548976936207

1043 H0rd4k the Cutter (level 8, -1/58 HPs)
             Began as a Human Artificer on June 4, 2020.
             Was an Initiate of Gozag.
             Slain by a sky beast (5 damage)
             ... on level 6 of the Dungeon.
             The game lasted 00:13:11 (9519 turns).

H0rd4k the Cutter (Human Artificer)                 Turns: 9519, Time: 00:13:12

Health: -1/58      AC:  5    Str: 13 (16) XL:     8   Next: 49%
Magic:  11/11      EV: 12    Int: 11      God:    Gozag
Gold:   125        SH:  0    Dex:  8 (9)  Spells: 7/7 levels left

rFire    + . .     SeeInvis .   l - +2 short sword (speed)
rCold    . . .     Gourm    .   (no shield)
rNeg     . . .     Faith    .   p - +2 leather armour {rF+}
rPois    .         Spirit   .   (no helmet)
rElec    .         Reflect  .   (no cloak)
rCorr    .         Harm     .   (no gloves)
MR       .....                  (no boots)
Stlth    ++........             C - amulet of magic regeneration
HPRegen  0.19/turn              (no ring)
MPRegen  0.37/turn              (no ring)

@: brilliant
A: clumsy 2, mutation resistance 1, wild magic 1
a: Potion Petition, Call Merchant, Bribe Branch, Renounce Religion


You were on level 6 of the Dungeon.
You worshipped Gozag.
Gozag was aware of your devotion.
You were not hungry.

You visited 2 branches of the dungeon, and saw 8 of its levels.

You collected 429 gold pieces.
You spent 225 gold pieces at shops.
You paid 79 gold pieces to Gozag.

Inventory:

Hand Weapons
 a - a +0 short sword
 l - a +2 short sword of speed (weapon)
Missiles
 r - 4 poisoned darts (quivered)
Armour
 b - a +0 leather armour
 p - a +2 leather armour of fire resistance (worn)
 w - +0 fire dragon scales
Jewellery
 C - an amulet of magic regeneration (around neck)
Wands
 c - a wand of flame (12)
 e - a wand of random effects (9)
Scrolls
 g - a scroll of enchant armour
 j - 2 scrolls of enchant weapon
 o - 6 scrolls of remove curse
 q - a scroll of immolation
 s - a scroll of magic mapping
 x - 4 scrolls of identify
Potions
 A - a potion of haste
Comestibles
 f - 8 rations


   Skills:
 + Level 3.2 Fighting
 + Level 5.8 Short Blades
 + Level 3.3 Armour
 + Level 3.8 Dodging
 + Level 3.2 Stealth
 + Level 4.1 Evocations


You had 7 spell levels left.
You didn't know any spells.
Your spell library was empty.

Dungeon Overview and Level Annotations

Branches:
Dungeon (7/15)             Temple (1/1) D:5

Altars:
Ashenzari
Cheibriados
Dithmenos
Elyvilon
Fedhas
Gozag
Hepliaklqana
Kikubaaqudgha
Makhleb
Nemelex Xobeh
Okawaru
Qazlal
Ru
Sif Muna
Trog
Uskayaw
Vehumet
Wu Jian
Xom
Yredelemnul
Zin

Shops:
D:6 *

Annotations:
D:3 exclusion: downstairs
D:5 exclusion: downstairs
D:6 exclusion: downstairs
D:7 Harold


Innate Abilities, Weirdness & Mutations

You are very clumsy. (Dex -4)
You are somewhat resistant to further mutation.
Your spells are a little harder to cast, but a little more powerful.


Message History

The sky beast hits you. The sky beast shocks you.
Unknown command.
You closely miss the sky beast.
The sky beast flickers out of sight!
Deactivating autopickup; reactivate with Ctrl-A.
Something hits you but does no damage.
Unknown command.
Something hits you. Something shocks you.
You climb upwards.
Level annotation: exclusion: downstairs Reactivating autopickup.
The centaur shoots an arrow.
The arrow hits you!
* * * LOW HITPOINT WARNING * * *
There is a stone staircase leading down, spattered with blood here.
You see here 3 arrows.
The centaur shoots an arrow.
Flame seeps out of something. x2
Something hits you.
* * * LOW HITPOINT WARNING * * *
Something shocks you.
You die...
Your body crumbles into a pile of gold.

#.....#.>.....#......
#....c#.......#[.....
#.....#....).(#......
#.....#.......#......
#.....#########......
#.....#.......#......
#.....#.......#......
#...○.#.......#......
########...@>#.......#......
#.......######.......#......
#.......#..))........'......
#.......#...##.......#......
#.......#...##########......
#.......#....#.......#......
#.......#....'.......#......
#.......######..............
#.......#...##........######


You could see a centaur.

Vanquished Creatures
  A sky beast (D:5)
  An ogre (D:4)
  3 centaurs
  A scorpion (D:4)
  A crimson imp (D:4)
  A howler monkey (D:4)
  A bullfrog zombie (D:4)
  A gnoll shaman (D:6)
  A bullfrog skeleton (D:5)
  3 hounds
  Ijyb (D:3)
  An orc wizard (D:7)
  A worker ant (D:4)
  A hound skeleton (D:4)
  A howler monkey zombie (D:6)
  2 worker ant zombies (D:4)
  3 gnolls
  5 adders
  A shadow imp (D:5)
  An adder zombie (D:4)
  6 worms
  A dart slug (D:1)
  4 leopard geckos
  14 orcs
  6 bats
  5 giant cockroaches
  14 goblins
  9 hobgoblins
  5 jackals (D:3)
  2 quokkas
  10 frilled lizards
  A giant cockroach zombie (D:4)
  13 kobolds
  A leopard gecko skeleton (D:4)
  4 rats
126 creatures vanquished.

Vanquished Creatures (collateral kills)
  2 orcs (D:7)
  4 jackals (D:3)
  A frilled lizard (D:3)
7 creatures vanquished.

Vanquished Creatures (others)
  An iguana (D:5)
  A worker ant (D:4)
  Robin (D:4)
  2 gnolls (D:6)
  2 adders
  A quokka skeleton (D:7)
8 creatures vanquished.

Grand Total: 141 creatures vanquished

Notes
Turn   | Place    | Note
-------+----------+-------------------------------------------
     0 | D:1      | H0rd4k the Human Artificer began the quest for the Orb.
     0 | D:1      | Reached XP level 1. HP: 15/15 MP: 3/3
   419 | D:1      | Reached XP level 2. HP: 21/21 MP: 4/4
   806 | D:1      | Reached XP level 3. HP: 26/26 MP: 5/5
  1577 | D:2      | Reached skill level 2 in Short Blades
  2402 | D:2      | Reached XP level 4. HP: 31/32 MP: 6/6
  2674 | D:3      | Noticed Ijyb
  2723 | D:3      | Killed Ijyb
  2723 | D:3      | Reached skill level 1 in Armour
  3435 | D:3      | Found a shadowy altar of Dithmenos.
  3587 | D:3      | Found a shattered altar of Ashenzari.
  3765 | D:3      | Reached XP level 5. HP: 12/37 MP: 7/7
  3978 | D:3      | Noticed a centaur
  3985 | D:3      | HP: 1/37 [centaur (9)]
  3987 | D:3      | Killed a centaur
  3987 | D:3      | Reached skill level 3 in Short Blades
  4445 | D:3      | Found an iron altar of Okawaru.
  4459 | D:3      | Reached XP level 6. HP: 31/44 MP: 8/8
  4934 | D:4      | Noticed Robin
  4996 | D:4      | Your ally died
  5305 | D:4      | Found a snail-covered altar of Cheibriados.
  5305 | D:4      | Found an ornate altar of the Wu Jian Council.
  5438 | D:4      | Reached skill level 4 in Short Blades
  5438 | D:4      | Reached XP level 7. HP: 48/50 MP: 9/9
  6732 | D:5      | Entered Level 5 of the Dungeon
  6822 | D:5      | Found a staircase to the Ecumenical Temple.
  7117 | D:5      | Reached skill level 5 in Short Blades
  7598 | Temple   | Entered the Ecumenical Temple
  7781 | Temple   | Became a worshipper of Gozag Ym Sagoz the Greedy
  8243 | D:6      | Found Yxoruepp's Assorted Antiques.
  8257 | D:6      | Bought a runed golden amulet for 125 gold pieces
  8257 | D:6      | Bought 2 scrolls labeled HAUMUOFEOP for 50 gold pieces
  8257 | D:6      | Bought a scroll labeled GUBOZAIPHIOHU for 25 gold pieces
  8257 | D:6      | Bought a scroll labeled HAUMUOFEOP for 25 gold pieces
  8583 | D:7      | Reached XP level 8. HP: 13/57 MP: 10/10
  8593 | D:7      | Noticed Harold
  9514 | D:7      | Gained mutation: You are clumsy. (Dex -2) [potion of
                  | mutation]
  9514 | D:7      | Gained mutation: You are very clumsy. (Dex -4) [potion of
                  | mutation]
  9514 | D:7      | Gained mutation: Your spells are a little harder to cast,
                  | but a little more powerful. [potion of mutation]
  9514 | D:7      | Gained mutation: You are somewhat resistant to further
                  | mutation. [potion of mutation]
  9519 | D:6      | Slain by a sky beast

Illustrated notes

Levels and vault maps discovered:
D:1:      sevenhm_arrival_forest_fort_small_3, layout_loops_ring, serial_bayou,
          serial_bayou_pond_a, serial_bayou_lagoon_b, serial_bayou_lake_a,
          serial_bayou_pond_e, corexii_item_surrounded_by_moat
D:2:      layout_basic
D:3:      layout_basic, ashenzari_altar_1, grunt_dithmenos_smoke_and_mirrors,
          first_ration, okawaru_altar_gauntlet_db, uniq_ijyb
D:4:      layout_loops_corners, grunt_temple_overflow_open, serial_undead,
          serial_undead_f, serial_undead_e, serial_undead_d, serial_undead_f,
          uniq_robin
D:5:      layout_loops_ring, minmay_temple_entry_butterflies, minmay_lizard_king
D:6:      layout_gridville, serial_shops, shop
D:7:      layout_basic, uniq_harold
Temple:   dpeg_five_rooms_temple

Skill      XL: |  1  2  3  4  5  6  7  8 |
---------------+-------------------------+-----
Short Blades   | 2 3 4 5 |  5.8
Armour         | 1 2 3 |  3.3
Fighting       | 2 3 |  3.2
Stealth        | 2 3 |  3.2
Dodging        | 3 |  3.8
Evocations     | 4 |  4.1

Action                   |  1- 3 |  4- 6 |  7- 9 || total
-------------------------+-------+-------+-------++-------
Melee: Short sword       |   162 |   227 |   387 ||   776
Evoke: Wand              |     3 |     9 |    23 ||    35
  Use: Potion            |       |       |    11 ||    11
       Scroll            |       |       |     8 ||     8
 Stab: Sleeping          |       |     7 |     2 ||     9
       Distracted        |       |       |     1 ||     1
  Eat: Chunk             |     5 |     9 |     4 ||    18
       Ration            |       |       |     3 ||     3
Armor: Leather armour    |    49 |    36 |    51 ||   136
Dodge: Dodged            |   118 |    97 |   155 ||   370
